 Dungeon Crawl Stone Soup version 0.22-a0-348-gd16d139 (webtiles) character file.

347 Goblin1989 the Covert (level 6, -3/30 HPs)
             Began as a Spriggan Assassin on Apr 9, 2018.
             Was an Initiate of Gozag.
             Slain by an ogre
             ... wielding a +0 giant spiked club
              (28 damage)
             ... on level 4 of the Dungeon.
             The game lasted 00:05:59 (3838 turns).

Goblin1989 the Covert (Spriggan Assassin)           Turns: 3838, Time: 00:06:00

Health: -3/30      AC:  3    Str:  7    XL:     6   Next: 33%
Magic:  7/7        EV: 17    Int: 13    God:    Gozag
Gold:   276        SH:  0    Dex: 19    Spells: 5/5 levels left

rFire    . . .     SeeInvis +   a - +3 short sword (speed)
rCold    . . .     Gourm    .   (shield restricted)
rNeg     . . .     Faith    .   c - +0 robe
rPois    +         Spirit   .   (helmet restricted)
rElec    .         Reflect  .   d - +0 cloak
rCorr    .         Harm     .   (gloves unavailable)
MR       +....                  (boots unavailable)
Stlth    ++++......             F - amulet of magic regeneration
HPRegen  0.10/turn              o - ring of poison resistance
MPRegen  0.35/turn              H - ring of wizardry

@: gold aura, very quick
A: very small, unfitting armour, see invisible, herbivore, speed 3, slow
metabolism 2
a: Potion Petition, Call Merchant, Bribe Branch, Renounce Religion


You were on level 4 of the Dungeon.
You worshipped Gozag.
Gozag was aware of your devotion.
You were not hungry.

You visited 1 branch of the dungeon, and saw 4 of its levels.

You collected 299 gold pieces.
You paid 23 gold pieces to Gozag.

Inventory:

Hand Weapons
 a - a +3 short sword of speed (weapon)
 w - a +0 blowgun {@w1}
Missiles
 f - 2 curare-tipped needles
 g - 41 poisoned needles
Armour
 c - a +0 robe (worn)
 d - a +0 cloak (worn)
Jewellery
 o - a ring of poison resistance (left hand)
 F - an amulet of magic regeneration (around neck)
 G - an uncursed ring of magical power
 H - a ring of wizardry (right hand)
Wands
 L - a wand of random effects (17)
Scrolls
 x - 6 scrolls of identify {unknown}
 y - 4 scrolls of enchant weapon {unknown}
 z - a scroll of fear {unknown}
 B - a scroll of magic mapping {unknown}
 C - 5 scrolls of remove curse {unknown}
 I - 2 scrolls of random uselessness {unknown}
 J - a scroll of amnesia {unknown}
 K - 2 scrolls of teleportation {unknown}
Potions
 A - 2 potions of degeneration {unknown}
 D - 2 potions of heal wounds {unknown}
 E - 3 potions of curing {unknown}
 M - 3 potions of brilliance {unknown}
 N - a potion of haste {unknown}
 O - a potion of invisibility {unknown}
Comestibles
 e - 6 rations


   Skills:
 - Level 1.5 Fighting
 * Level 6.2 Short Blades
 - Level 2.0 Throwing
 - Level 1.5 Dodging
 + Level 8.2 Stealth


You had 5 spell levels left.
You didn't know any spells.

Dungeon Overview and Level Annotations

Branches:
Dungeon (4/15)
 Temple: D:4-7

Altars:
Gozag
Ru
Uskayaw

Annotations:
D:2 1 runed door
D:3 exclusion: Grinder, Grinder
D:4 exclusion: Eustachio, Eustachio


Innate Abilities, Weirdness & Mutations

You are very small and have problems with some larger weapons.
You are too small for most types of armour.
You have supernaturally acute eyesight. (SInv)
You are a herbivore.
You cover ground extremely quickly.
You need to consume almost no food.


Message History

You hit the adder skeleton.
You destroy the adder skeleton!
You now have 265 gold pieces (gained 6).
You start resting.
Key pressed, stopping explore.
Key pressed, stopping explore.
Key pressed, stopping explore.
HP restored.
You now have 271 gold pieces (gained 6).
e - 6 rations (gained 1) Health restored: 30 You now have 276 gold pieces (gained 5).
Marking area around Eustachio as unsafe for travelling.
Eustachio the Magnificent comes into view.
He is wielding a falchion.
You see here a ration.
Unknown command.
Saving game... please wait.
Level annotation: exclusion: Eustachio, Eustachio Gozag says: Become an executioner!
Welcome back, Goblin1989 the Spriggan Assassin.
Gozag says: Greed is good.
Press ? for a list of commands and other information.
A leopard gecko comes into view.
A leopard gecko is nearby!
A leopard gecko is nearby!
A leopard gecko is nearby!
The leopard gecko hisses angrily.
You hit the leopard gecko but do no damage.
You hit the leopard gecko.
You kill the leopard gecko!
No target in view!
No target in view!
No target in view!
No target in view!
No target in view!
No target in view!
No target in view!
No target in view!
No target in view!
No target in view!
No target in view!
No target in view!
No target in view!
No target in view!
No target in view!
No target in view!
No target in view!
No target in view!
No target in view!
No target in view!
Found a stone staircase leading up.
You see here a scroll labeled CEAD LOJ USUI.
You see here a book of Frost.
A ball python comes into view.
Found a stone staircase leading down.
A ball python is nearby!
A ball python is nearby!
A gnoll comes into view.
The helpless ball python fails to defend itself.
You perforate the ball python like a sieve!!!
You kill the ball python! 2 gnolls and an ogre come into view.
The ogre shouts!
The gnoll is distracted by the nearby gold.
A quokka comes into view.
You hit the gnoll.
The gnoll is no longer distracted by gold.
The gnoll is moderately wounded.
The gnoll shouts!
You hit the gnoll.
The gnoll is moderately wounded.
The gnoll hits you.
You take 6 damage, and have 24/30 hp.
You hit the gnoll.
The gnoll is severely wounded.
You hit the gnoll.
The gnoll is almost dead.
The gnoll misses you.
You hit the gnoll.
You kill the gnoll!
The gnoll barely misses you.
You closely miss the ogre. You hit the ogre but do no damage.
The gnoll completely misses you. The ogre closely misses you.
You barely miss the ogre. You hit the ogre.
The ogre is lightly wounded.
The gnoll closely misses you.
You hit the ogre.
The ogre is moderately wounded.
The ogre misses you.
You hit the ogre.
The ogre is moderately wounded.
The gnoll closely misses you.
You hit the ogre.
The ogre is heavily wounded.
The ogre hits you with a giant spiked club!!
Ouch! That really hurt!
You die...
Your body crumbles into a pile of gold.

█...█ █....█
█...█████████....██
█.................█
████...█████████..?..███
█$.....█████████:.......
█...>...................
█.......................
█......█████████████....
█.....O@$█


█████ █........gg█ █ █........█r.... █ ██...█████ .... █ █.███ ... █ █. .. █ █.
. ██████ ...... $...... You could see an ogre, 2 gnolls and a quokka.

Vanquished Creatures
  A bullfrog (D:4)
  Jessica (D:2)
  An iguana (D:4)
  Terence (D:3)
  Ijyb (D:3)
  3 gnolls
  8 adders
  An adder skeleton (D:4)
  4 worms
  3 dart slugs (D:1)
  3 leopard geckos
  2 ball pythons
  2 giant cockroaches
  7 goblins
  2 hobgoblins
  10 kobolds
  4 quokkas
  7 bats
  5 frilled lizards
  A quokka skeleton (D:4)
  11 rats
78 creatures vanquished.

Notes
Turn   | Place    | Note
-------+----------+-------------------------------------------
     0 | D:1      | Goblin1989 the Spriggan Assassin began the quest for the Orb.
     0 | D:1      | Reached XP level 1. HP: 10/10 MP: 2/2
   161 | D:1      | Reached skill level 6 in Stealth
   218 | D:1      | Reached XP level 2. HP: 14/14 MP: 3/3
   651 | D:1      | Reached XP level 3. HP: 18/18 MP: 4/4
  1241 | D:2      | Found a hide-covered altar of Uskayaw.
  1241 | D:2      | Found a sacrificial altar of Ru.
  1335 | D:2      | Noticed Jessica
  1348 | D:2      | Killed Jessica
  1348 | D:2      | Reached XP level 4. HP: 12/22 MP: 5/5
  1521 | D:2      | Reached skill level 7 in Stealth
  2251 | D:2      | Found an opulent altar of Gozag.
  2256 | D:2      | Became a worshipper of Gozag Ym Sagoz the Greedy
  2364 | D:2      | Found a runed door.
  2629 | D:3      | Reached XP level 5. HP: 25/25 MP: 6/6
  2657 | D:3      | Reached skill level 5 in Short Blades
  2687 | D:3      | Noticed Ijyb
  2690 | D:3      | Killed Ijyb
  2752 | D:3      | Noticed Terence
  2755 | D:3      | Killed Terence
  2806 | D:3      | Noticed Grinder
  3338 | D:4      | Reached skill level 8 in Stealth
  3338 | D:4      | Reached XP level 6. HP: 30/30 MP: 7/7
  3732 | D:4      | Noticed Eustachio
  3838 | D:4      | Slain by an ogre

Vault maps used:
D:1:      dpeg_arrival_ratfight
D:2:      gammafunk_temple_overflow_elements,
          nicolae_gozag_cash_rules_everything_around_me, uniq_jessica,
          uniq_crazy_yiuf_cottage
D:3:      first_ration, uniq_ijyb, uniq_grinder, uniq_terence
D:4:      uniq_eustachio

Skill      XL: |  1  2  3  4  5  6 |
---------------+-------------------+-----
Stealth        | 6 7 8 |  8.2
Short Blades   | 3 4 5 6 |  6.2
Fighting       | |  1.5
Throwing       | |  2.0
Dodging        | |  1.5

Action                   |  1- 3 |  4- 6 || total
-------------------------+-------+-------++-------
Melee: Dagger            |    16 |       ||    16
       Short sword       |    58 |   136 ||   194
 Fire: Blowgun           |     1 |       ||     1
 Stab: Sleeping          |    15 |    13 ||    28
       Distracted        |       |     1 ||     1
Armor: Robe              |     5 |     5 ||    10
Dodge: Dodged            |    27 |    60 ||    87

Table legend:
 A = Spawn XP
 B = Non-spawn XP
 C = Spawn XP percentage of total XP
 D = Spawn monster count
 E = Non-spawn monster count
 F = Spawn count percentage of total count
 G = Total turns spent on level
                    A         B        C        D         E        F      G
               +---------+---------+-------+---------+---------+-------+---------
         Total |       0 |     497 |   0.0 |       0 |      78 |   0.0 |  3838
               +---------+---------+-------+---------+---------+-------+---------
           D:1 |       0 |      77 |   0.0 |       0 |      29 |   0.0 |  1192
           D:2 |       0 |     112 |   0.0 |       0 |      23 |   0.0 |  1312
           D:3 |       0 |     136 |   0.0 |       0 |      16 |   0.0 |   826
           D:4 |       0 |     172 |   0.0 |       0 |      10 |   0.0 |   508
               +---------+---------+-------+---------+---------+-------+---------

Vault maps used:
D:1:      dpeg_arrival_ratfight
D:2:      gammafunk_temple_overflow_elements,
          nicolae_gozag_cash_rules_everything_around_me, uniq_jessica,
          uniq_crazy_yiuf_cottage
D:3:      first_ration, uniq_ijyb, uniq_grinder, uniq_terence
D:4:      uniq_eustachio
